 Dungeon Crawl Stone Soup version 0.13-a0-2725-gfd4ef73 (webtiles) character file.

286711 Rycklaryybbe the Imperceptible (level 19, -1/89 HPs)
             Began as a Spriggan Enchanter on Aug 16, 2013.
             Was the Champion of Kikubaaqudgha.
             Slain by a yaktaur captain (14 damage)
             ... on Level 25 of the Dungeon on Aug 19, 2013.
             The game lasted 05:46:04 (61394 turns).

Rycklaryybbe the Imperceptible (SpEn)              Turns: 61394, Time: 05:46:04

HP  -1/89        AC 15     Str 12      XL: 19   Next: 77%
MP  42/42        EV 36     Int 21      God: Kikubaaqudgha [******]
Gold 2577        SH 19     Dex 23      Spells: 15 memorised,  0 levels left

Res.Fire  : + . .   See Invis. : +   a - +6,+8 dwarf dagger (pain) {!f}
Res.Cold  : . . .   Warding    : .   u - +6 troll leather armour of Indecent Exposu
Life Prot.: . . .   Conserve   : +   v - +2 buckler
Res.Poison: .       Res.Corr.  : .   C - +2 wizard hat {Int+3}
Res.Elec. : .       Clarity    : .   h - +2 dwarf cloak
Sust.Abil.: . .     Spirit.Shd : .   (gloves unavailable)
Res.Mut.  : .       Stasis     : .   (boots unavailable)
Res.Rott. : .       Flight     : .   X - amulet of conservation
Saprovore : . . .                    T - +4 ring of strength
                                     W - +4 ring of dexterity

@: very quick, extraordinarily resistant to hostile enchantments, incredibly
stealthy
A: unfitting armour, see invisible, herbivore 3, speed 3, slow metabolism 2
a: Receive Corpses, Torment, Renounce Religion
}: 2/15 runes: serpentine, barnacled


You were on level 25 of the Dungeon.
You worshipped Kikubaaqudgha.
Kikubaaqudgha was exalted by your worship.
You were full.

You visited 6 branches of the dungeon, and saw 48 of its levels.
You visited 1 bazaar.

You collected 4663 gold pieces.
You spent 2106 gold pieces at shops.

Inventory:

Hand weapons
 a - a +6,+8 dwarven dagger of pain (weapon) {!f}
 b - the +5,+9 quick blade of Indomitability {holy, rC+ Str+2 Dex+1}
   (You acquired it on level 9 of the Dungeon)

   It has been blessed by the Shining One to cause great damage to the undead
   and demons.
   It affects your strength (+2).
   It affects your dexterity (+1).
   It protects you from cold.
 e - the +2,+5 dagger "Loffil" (quivered) {drain, MR++}
   (You found it on level 21 of the Dungeon)

   A truly terrible weapon, it drains the life of those it strikes.
   It affects your resistance to hostile enchantments.
 J - the +0,+4 dagger of Upheaval {stab, +Blink MR++}
   (You bought it in a shop on level 2 of the Shoals)

   It inflicts extra damage upon your enemies.
   It affects your resistance to hostile enchantments.
   It lets you blink.
 O - the +4,+6 dagger of Valiance {pain, Dex+2}
   (You found it on level 23 of the Dungeon)

   In the hands of one skilled in necromantic magic, it inflicts extra damage on
   living creatures.
   It affects your dexterity (+2).
 Q - the +1,+5 dagger "Kuaf" {venom, +Rage +Fly rN+}
   (You found it on level 5 of the Shoals)

   It poisons the flesh of those it strikes.
   It protects you from negative energy.
   It lets you fly.
   It lets you go berserk.
 R - the +0,+0 short sword "Orexuid" {slice, +Rage rPois}
   (You found it on level 18 of the Dungeon)

   It inflicts extra damage upon your enemies.
   It protects you from poison.
   It lets you go berserk.
Missiles
 s - a throwing net
Armour
 h - a +2 dwarven cloak (worn)
 u - the +6 troll leather armour of Indecent Exposure (worn) {rF+ MR+ Acc+4 Stlth+}
   (You bought it in a shop in a bazaar)

   It affects your accuracy (+4).
   It protects you from fire.
   It affects your resistance to hostile enchantments.
   It makes you much more stealthy.
 v - a +2 buckler (worn)
 C - a +2 wizard hat of intelligence (worn)
Magical devices
 d - a wand of draining (4)
 l - a wand of heal wounds (3)
 F - a wand of digging (15)
Comestibles
 f - 7 bread rations
 q - a choko
 B - a lemon
 Z - 11 grapes
Scrolls
 g - 3 scrolls of identify
 i - a scroll of recharging
 n - 2 scrolls of fear
 o - 2 scrolls of blinking
 r - a scroll of silence
 y - 12 scrolls of teleportation
 A - 4 scrolls of amnesia
 G - 3 scrolls of remove curse
 H - 5 scrolls of fog
 M - 2 scrolls of magic mapping
Jewellery
 c - an uncursed amulet of resist corrosion
 t - an uncursed ring of teleport control
 x - an uncursed ring of protection from fire
 D - an uncursed ring of positive energy
 I - an uncursed amulet of resist mutation
 S - an uncursed ring of protection from magic
 T - a +4 ring of strength (right hand)
 U - a +3 ring of evasion
 W - a +4 ring of dexterity (left hand)
 X - an amulet of conservation (around neck)
Potions
 j - a potion of might
 k - 7 potions of curing
 m - 2 potions of heal wounds
 p - 5 potions of speed
 z - 3 potions of flight
 E - 5 potions of restore abilities
 K - 2 potions of resistance
 L - 3 potions of invisibility
 P - 5 potions of magic
 Y - 2 potions of agility
Miscellaneous
 w - a legendary deck of war {the Helm, drawn: 6}


   Skills:
 - Level 7.0 Fighting
 + Level 12.2 Short Blades
 - Level 1.1 Throwing
 - Level 4.0 Armour
 + Level 19.2 Dodging
 + Level 23.0 Stealth
 - Level 5.0 Shields
 - Level 16.8 Spellcasting
 - Level 14.4 Hexes
 - Level 15.0 Necromancy


You couldn't memorise any spells.
You knew the following spells:

 Your Spells              Type           Power        Failure   Level  Hunger
a - Corona                Hex            ######.      0%          1    None
b - Ensorcelled Hibernat  Hex/Ice        #####.       1%          2    None
c - Confuse               Hex            ######..     1%          3    None
d - Enslavement           Hex            ######..     1%          4    None
e - Invisibility          Hex            ######..     1%          6    ####...
f - Dazzling Spray        Conj/Hex       #####...     1%          3    None
g - Passwall              Trmt/Erth      ###.......   12%         3    None
h - Apportation           Tloc           ###.......   3%          1    None
i - Agony                 Necr           ######..     1%          5    None
j - Dispel Undead         Necr           ######..     1%          5    None
k - Animate Dead          Necr           N/A          1%          4    None
l - Spectral Weapon       Hex/Chrm       #####...     1%          3    None
m - Sure Blade            Hex/Chrm       #####.....   1%          2    None
n - Swiftness             Chrm/Air       ###.......   6%          2    None
o - Darkness              Hex            ######....   10%         7    ######.


Dungeon Overview and Level Annotations

Branches:
Dungeon (25/27)            Temple (1/1) D:4             Orc (4/4) D:6
    Elf (0/3) Orc:3          Lair (8/8) D:10         Shoals (5/5) Lair:5
  Snake (5/5) Lair:6        Slime (0/6) Lair:8       Vaults (0/5) D:17

Altars:
Ashenzari
Cheibriados
Elyvilon
Fedhas
Kikubaaqudgha
Makhleb
Nemelex Xobeh
Okawaru
Sif Muna
Trog
Vehumet
Xom
Yredelemnul
Zin
the Shining One
Beogh
Jiyva

Shops:
D:4: } D:11: } D:17: * D:23: / Orc:1: ? Orc:2: [ Orc:3: = Shoals:1: * Shoals:2: (}( Snake:1: * Snake:3: }/!}(

Portals:
Hell: D:21 D:22 D:23 D:24
Abyss: D:21 D:24
Pandemonium: D:23 D:24
Trove: D:16 (give +3 ice dragon armour)

Annotations
D:9 exclusion: silver statue
D:13 exclusion: oklob plant
D:14 Nikola
Shoals:2 exclusion: downstairs
Shoals:3 exclusion: oklob plant


Innate Abilities, Weirdness & Mutations

You are tiny and cannot use many weapons and most armour.
You have supernaturally acute eyesight.
You are a herbivore.
You cover ground extremely quickly.
You need consume almost no food.


Message History

The yaktaur captain hits you but does no damage.
You closely miss the deep troll.
The deep troll is almost dead.
The deep troll misses you. You block the deep troll's attack.
You hit the deep troll.
The deep troll writhes in agony.
The deep troll is almost dead.
The yaktaur captain hits you!
* * * LOW HITPOINT WARNING * * *
You hit the deep troll but do no damage.
The deep troll writhes in agony.
You kill the deep troll!
Kikubaaqudgha accepts your kill.
Your Stealth skill increases to level 23!
You hit the yaktaur captain but do no damage.
The yaktaur captain writhes in agony.
The yaktaur captain is moderately wounded.
The yaktaur captain hits you!
You die...
Kikubaaqudgha rasps: "You have failed me!
Welcome... death!"

#......# #..'. .
#......# #..##
..##......# ##'#
.........# #.# #.
#......####'##
#..########.............
#.......................
#.......................
#.....c@(.(.............
#.......................
#...............##.###..
#...............##+# #..
#...............# #..
.##+#####......# #..
#......# #.. #..... #..
#.. #..


You could see a yaktaur captain.

Vanquished Creatures
  Saint Roka (Snake:3)
  Norris (Shoals:3)
  Lamia (Snake:5)
  A golden dragon (D:19)
  Jory (Snake:5)
  Frederick (D:22)
  A lich (D:25)
  Polyphemus (Shoals:5)
  2 shadow dragons (D:18)
  Rupert (Lair:4)
  A sphinx (D:19)
  Agnes (Shoals:3)
  Frances (Snake:3)
  Ilsuiw (Shoals:5)
  Donald (Snake:5)
  Wiglaf (Shoals:5)
  A fire giant (D:19)
  Aizul (D:18)
  Louise (D:18)
  An iron dragon (D:18)
  Gastronok (Lair:2)
  3 orc warlords
  Jorgrun (D:19)
  8 greater nagas (Snake:5)
  Azrael (Snake:1)
  3 merfolk javelineers (Shoals:5)
  3 merfolk impalers (Shoals:5)
  3 ettins
  5 dragons
  2 great orbs of eyes
  3 sirens
  11 hydras
  12 yaktaur captains
  4 merfolk aquamancers (Shoals:5)
  Fannar (Lair:2)
  3 ice dragons
  9 ogre magi
  Erica (Orc:4)
  13 anacondas
  A deep troll earth mage (D:18)
  3 deep troll shamans
  12 death yaks
  4 orc high priests
  6 naga warriors
  Urug (D:16)
  A draconian (shapeshifter) (D:18)
  10 centaur warriors
  5 catoblepae
  Nergalle (Lair:4)
  3 very ugly things
  A storm dragon skeleton (D:23)
  3 unseen horrors
  9 skeletal warriors
  3 deep elf knights
  3 iron trolls
  4 flayed ghosts
  21 sea snakes
  7 deep trolls
  11 hill giants
  Erolcha (D:12)
  2 lindwurms
  A dryad (shapeshifter) (D:19)
  3 giant amoebae
  23 orc knights
  A harpy (shapeshifter) (D:18)
  14 harpies
  A wolf spider zombie (D:17)
  An oklob plant (Lair:6)
  Joseph (D:8)
  9 griffons
  2 wolf spiders
  3 orc sorcerers
  11 cyclopes
  4 red wasps
  3 stone giant zombies
  4 fire giant skeletons
  4 guardian serpents (Snake:5)
  6 stone giant skeletons
  3 spiny worms
  Maurice (D:12)
  2 frost giant skeletons
  27 black mambas
  8 spiny frogs
  21 yaktaurs
  2 feature mimics
  2 fire drakes
  9 naga magi
  An efreet (D:16)
  9 mermaids
  A spiny frog (shapeshifter) (D:20)
  A blue devil (D:23)
  2 komodo dragons (shapeshifter)
  An iron troll zombie (D:20)
  7 komodo dragons
  12 trolls
  A giant firefly (shapeshifter) (D:17)
  A deep elf priest (D:20)
  2 hydra skeletons
  A dragon zombie (D:19)
  25 blink frogs
  2 harpy skeletons (D:18)
  29 slime creatures
  3 boulder beetles
  An ettin zombie (D:21)
  14 two-headed ogres
  4 snapping turtles
  A basilisk (D:18)
  A griffon zombie (D:18)
  A black mamba zombie (Snake:5)
  3 deep elf magi
  An ettin skeleton (D:20)
  3 griffon skeletons
  73 yaks
  3 redbacks (D:24)
  A wyvern (Lair:5)
  76 ugly things
  2 elephant slugs
  2 hill giant zombies
  21 merfolk
  3 wraiths
  A clay golem (D:20)
  2 sharks (Shoals:2)
  7 vampire mosquitoes
  A rock worm (D:18)
  A hippogriff (shapeshifter) (D:20)
  11 hippogriffs
  A hill giant skeleton (D:16)
  4 fire elementals (Snake:1)
  3 hungry ghosts
  5 deep elf fighters
  2 steam dragons
  A deep troll zombie (D:22)
  10 manticores
  Menkaure (D:5)
  17 wolves
  5 necrophages (D:7)
  A soldier ant (D:13)
  4 mottled dragons
  A hell hound (Snake:1)
  A yellow wasp (D:10)
  6 black bears
  3 freezing wraiths
  An ice beast (D:12)
  A kobold demonologist (D:17)
  7 porcupines
  6 sky beasts
  An orc zombie (D:23)
  57 orc warriors
  7 giant goldfish
  65 nagas
  42 ogres
  7 crocodiles
  10 giant slugs
  24 giant frogs
  11 big kobolds
  28 centaurs
  A cyclops zombie (D:14)
  7 wargs
  31 water moccasins
  5 agate snails
  3 yaktaur skeletons
  8 wights (D:8)
  A yak skeleton (D:10)
  8 killer bees
  An electric eel (Bazaar)
  9 crimson imps
  2 goliath beetles
  A basilisk zombie (D:14)
  6 hounds
  A quasit (D:9)
  An iron imp (D:9)
  4 jellies
  A big fish (Lair:5)
  A giant frog skeleton (D:9)
  40 orc priests
  31 orc wizards
  3 scorpions
  2 iguanas (Lair:2)
  10 orange rats (Lair:7)
  A big kobold zombie (D:7)
  9 worker ants
  16 sheep
  Ijyb (D:2)
  Jessica (D:2)
  A mottled dragon skeleton (D:11)
  A sky beast zombie (D:5)
  A hound zombie (D:7)
  A mummy (D:7)
  38 adders
  66 green rats
  3 giant centipedes
  A lemure (D:17)
  A steam dragon skeleton (D:11)
  3 giant mites
  A goliath beetle zombie (D:12)
  5 worms
  2 ufetubi
  An adder zombie (D:9)
  An iguana zombie (D:6)
  2 grey rats (Lair:7)
  An iguana skeleton (D:6)
  A sheep zombie (Shoals:4)
  A giant eyeball (D:10)
  7 giant geckos
  196 orcs
  28 bats
  4 giant cockroaches
  20 goblins
  22 hobgoblins
  11 quokkas
  3 ball pythons
  A giant gecko skeleton (D:8)
  A giant gecko zombie (D:7)
  4 giant newts
  A giant spore (D:16)
  A goblin skeleton (D:5)
  A hobgoblin skeleton (D:6)
  2 hobgoblin zombies
  29 jackals
  51 kobolds
  33 rats
  A ballistomycete (D:16)
1801 creatures vanquished.

Vanquished Creatures (collateral kills)
  A greater naga (Snake:5)
  A merfolk javelineer (Shoals:5)
  2 merfolk impalers (Shoals:5)
  A siren (Shoals:3)
  An orc high priest (Orc:4)
  2 centaur warriors (D:23)
  2 sea snakes
  A giant amoeba (D:24)
  A sixfirhy (Orc:4)
  An orc sorcerer (Orc:4)
  A guardian serpent (Snake:5)
  A red devil (Orc:4)
  A naga mage (Snake:5)
  A blue devil (D:23)
  A water elemental (Shoals:5)
  A merfolk (Shoals:5)
  2 manticores
  A water moccasin (Snake:5)
  2 orc warriors
  6 nagas (Snake:5)
  2 ogres (D:18)
  2 centaurs (D:23)
  A warg (Snake:3)
  2 orc priests (Orc:4)
  A sheep (Lair:7)
  2 adders (Snake:5)
  5 orcs
  2 bats (Shoals:5)
47 creatures vanquished.

Vanquished Creatures (others)
  A spectral weapon (D:18)
  The ghost of Rycklaryybbe the Unseen, a powerful SpEn of Ashenzari (D:11)
  A dwarf zombie (Shoals:5)
  3 anaconda zombies (Snake:5)
  A deep dwarf zombie (D:19)
  2 sea snake zombies (Snake:5)
  A deep elf priest (D:21)
  A two-headed ogre (D:21)
  2 black mamba zombies (Snake:5)
  2 deep troll skeletons (D:18)
  5 yaks
  3 deep elf fighters
  A soldier ant (D:11)
  2 hippogriffs (Shoals:5)
  A naga (Snake:5)
  2 ogres (D:21)
  2 merfolk zombies
  3 naga skeletons (Snake:5)
  An orc warrior (D:20)
  2 centaurs (D:21)
  A mermaid zombie (Shoals:5)
  3 yaktaur zombies
  2 cyclops zombies
  A manticore zombie (Shoals:4)
  2 water moccasin zombies
  A troll zombie (D:18)
  7 centaur zombies (D:23)
  A two-headed ogre zombie (D:23)
  A warg zombie (D:23)
  3 ogre zombies (D:23)
  7 naga zombies (Snake:5)
  An adder (D:11)
  2 sheep zombies (Shoals:4)
  A kobold zombie (D:18)
  19 orc zombies
  A rat zombie (D:18)
  9 fungi
  5 plants
  5 tentacles (Shoals:4)
  400 tentacle segments (Shoals:4)
509 creatures vanquished.

Grand Total: 2357 creatures vanquished

Notes
Turn   | Place    | Note
--------------------------------------------------------------
     0 | D:1      | Rycklaryybbe, the Spriggan Enchanter, began the quest for the Orb.
     0 | D:1      | Reached XP level 1. HP: 9/9 MP: 4/4
   297 | D:1      | Reached skill level 4 in Stealth
   318 | D:1      | Reached XP level 2. HP: 2/13 MP: 6/6
   832 | D:1      | Reached skill level 5 in Stealth
  1266 | D:2      | Reached XP level 3. HP: 16/16 MP: 9/9
  1295 | D:2      | Reached skill level 6 in Stealth
  1507 | D:2      | Noticed Ijyb
  1538 | D:3      | Learned a level 2 spell: Ensorcelled Hibernation
  1603 | D:3      | Reached XP level 4. HP: 21/21 MP: 11/11
  1699 | D:3      | Reached skill level 7 in Stealth
  1959 | D:3      | Found a shimmering altar of Xom.
  2095 | D:2      | Noticed Jessica
  2102 | D:2      | Killed Jessica
  2544 | D:2      | Killed Ijyb
  2544 | D:2      | Reached XP level 5. HP: 20/24 MP: 3/15
  2801 | D:4      | Found a staircase to the Ecumenical Temple.
  2822 | Temple   | Entered the Ecumenical Temple
  2872 | Temple   | Became a worshipper of Kikubaaqudgha
  3028 | D:4      | Found an iron altar of Okawaru.
  3110 | D:4      | Found Chuyguss' Gadget Boutique.
  3362 | D:5      | Entered Level 5 of the Dungeon
  3362 | D:5      | Noticed an ogre
  3364 | D:5      | Reached skill level 8 in Stealth
  3374 | D:5      | Killed an ogre
  3394 | D:5      | Reached XP level 6. HP: 28/28 MP: 16/18
  3508 | D:5      | Noticed Menkaure
  3783 | D:5      | Noticed a centaur
  3810 | D:5      | Killed a centaur
  3810 | D:5      | Reached skill level 9 in Stealth
  4011 | D:4      | Learned a level 3 spell: Confuse
  4016 | D:4      | Learned a level 4 spell: Enslavement
  4499 | D:6      | Reached skill level 5 in Spellcasting
  4499 | D:6      | Reached XP level 7. HP: 10/32 MP: 4/22
  4846 | D:6      | Reached skill level 10 in Stealth
  5026 | D:6      | Found a staircase to the Orcish Mines.
  5027 | D:6      | Acquired Kikubaaqudgha's first power
  5027 | D:6      | Received a gift from Kikubaaqudgha
  5028 | D:6      | Identified Kikubaaqudgha's Tome of Evil (Kikubaaqudgha gifted it to you on level 6 of the Dungeon)
  5219 | D:6      | Reached skill level 11 in Stealth
  5249 | D:6      | Reached XP level 8. HP: 30/36 MP: 22/25
  5725 | D:7      | Found a basalt altar of Yredelemnul.
  5765 | D:7      | Reached skill level 5 in Dodging
  5995 | D:8      | Reached skill level 12 in Stealth
  6000 | D:8      | Noticed Joseph
  6264 | D:7      | Reached XP level 9. HP: 34/39 MP: 1/28
  6614 | D:7      | Acquired Kikubaaqudgha's second power
  6670 | D:7      | Reached skill level 13 in Stealth
  7814 | D:7      | Reached skill level 10 in Spellcasting
  7851 | D:8      | Reached skill level 14 in Stealth
  8085 | D:8      | Noticed a two-headed hydra
  8108 | D:8      | Killed a two-headed hydra
  8108 | D:8      | Reached skill level 10 in Dodging
  8108 | D:8      | Reached skill level 5 in Hexes
  8108 | D:8      | Reached XP level 10. HP: 18/44 MP: 12/30
  9448 | D:9      | Identified a scroll of acquirement
  9449 | D:9      | Got an ichor-stained quick blade
  9450 | D:9      | Identified the quick blade of Indomitability {holy, rC+ Str+2 Dex+1} (You acquired it on level 9 of the Dungeon)
  9808 | D:9      | Found a shattered altar of Ashenzari.
 10309 | D:9      | Found a blossoming altar of Fedhas.
 10350 | D:9      | Received a gift from Kikubaaqudgha
 10456 | D:9      | Identified Kikubaaqudgha's Papyrus of Evil Secrets (Kikubaaqudgha gifted it to you on level 9 of the Dungeon)
 10473 | D:9      | Reached skill level 15 in Stealth
 11181 | D:10     | Entered Level 10 of the Dungeon
 11599 | D:10     | Found a staircase to the Lair.
 11676 | D:10     | Reached skill level 5 in Short Blades
 11690 | D:10     | Learned a level 6 spell: Invisibility
 11723 | Lair:1   | Entered Level 1 of the Lair of Beasts
 11734 | D:10     | Reached XP level 11. HP: 47/47 MP: 21/31
 11819 | Lair:1   | Noticed Gastronok
 11931 | Lair:2   | Acquired Kikubaaqudgha's third power
 12226 | Lair:2   | Noticed Fannar
 13022 | Lair:3   | Reached skill level 10 in Hexes
 13500 | Lair:3   | Acquired Kikubaaqudgha's fourth power
 14132 | Lair:4   | Noticed Nergalle
 14136 | Lair:4   | Killed Nergalle
 14201 | Lair:4   | Noticed Rupert
 14482 | Lair:1   | Identified a -2 rod of demonology (10/10) (You found it on level 1 of the Lair of Beasts)
 14977 | Lair:1   | Noticed a hill giant
 14993 | Lair:1   | Killed a hill giant
 16624 | Lair:4   | Reached skill level 16 in Stealth
 16636 | Lair:4   | Reached XP level 12. HP: 51/51 MP: 13/32
 16938 | Lair:4   | Identified the Almanac of Beguiling and Black Rites
 16943 | Lair:4   | Learned a level 3 spell: Dazzling Spray
 17060 | Lair:4   | Killed Rupert
 18108 | Lair:5   | Found a staircase to the Shoals.
 18114 | Lair:5   | Reached skill level 1 in Armour
 18367 | Lair:5   | Reached skill level 17 in Stealth
 19212 | Lair:6   | Gained mutation: You are dopey (Int -1). [mutagenic glow]
 19283 | Lair:6   | Noticed a four-headed hydra
 19291 | Lair:6   | Killed a four-headed hydra
 19345 | Lair:6   | Found a staircase to the Snake Pit.
 20071 | Lair:7   | Noticed a five-headed hydra
 20173 | Lair:7   | Reached XP level 13. HP: 38/55 MP: 12/33
 20401 | Lair:7   | Killed a five-headed hydra
 20923 | Lair:2   | Reached skill level 18 in Stealth
 20947 | Lair:1   | Reached skill level 1 in Necromancy
 21421 | Lair:7   | Reached skill level 1 in Fighting
 22955 | Orc:1    | Entered Level 1 of the Orcish Mines
 23050 | Orc:1    | Found Mnozuak's Magic Scroll Boutique.
 23190 | Orc:2    | Found a roughly hewn altar of Beogh.
 23247 | Orc:1    | Found a radiant altar of Vehumet.
 23579 | Orc:2    | Found a roughly hewn altar of Beogh.
 23814 | Orc:2    | Found Skuust's Armour Shoppe.
 24254 | Orc:3    | Found a roughly hewn altar of Beogh.
 24263 | Orc:3    | Found a staircase to the Elven Halls.
 24265 | Orc:3    | Found Fruoruen's Jewellery Boutique.
 24611 | Orc:4    | Entered Level 4 of the Orcish Mines
 24678 | Orc:4    | Noticed an orc warlord
 24740 | Orc:4    | Noticed Erica
 25100 | Lair:8   | Entered Level 8 of the Lair of Beasts
 25376 | Lair:8   | Reached skill level 5 in Necromancy
 25551 | Lair:8   | Reached XP level 14. HP: 55/63 MP: 3/34
 26169 | Lair:8   | Found a viscous altar of Jiyva.
 26170 | Lair:8   | Found a staircase to the Slime Pits.
 26175 | Lair:8   | Reached skill level 19 in Stealth
 26933 | Lair:8   | Identified the Disquisition on Nocuous Transmutation
 27821 | Lair:2   | Killed Fannar
 28040 | Lair:2   | Killed Gastronok
 28040 | Lair:2   | Reached skill level 10 in Short Blades
 28503 | D:5      | Killed Menkaure
 28623 | D:8      | Killed Joseph
 28957 | Orc:4    | Killed Erica
 29439 | Orc:4    | Killed an orc warlord
 31671 | D:11     | Killed Rycklaryybbe's ghost
 32131 | D:11     | Found Kuizanuc's Gadget Shop.
 32617 | D:11     | Found a flickering gateway to a bazaar.
 32667 | Bazaar   | Entered a bazaar
 32667 | Bazaar   | Found Vastuaf's General Store.
 32674 | Bazaar   | Found Welun's Jewellery Boutique.
 32685 | Bazaar   | Found Schiabli's Antique Armour Boutique.
 32720 | Bazaar   | Found Aqouvvao's Distillery.
 32727 | Bazaar   | Found Hutuasu's Antique Weapon Shop.
 32750 | Bazaar   | Bought a potion of curing for 30 gold pieces
 32750 | Bazaar   | Bought a potion of heal wounds for 45 gold pieces
 32750 | Bazaar   | Bought a potion of curing for 30 gold pieces
 32750 | Bazaar   | Bought a potion of heal wounds for 45 gold pieces
 32750 | Bazaar   | Bought a potion of heal wounds for 45 gold pieces
 32750 | Bazaar   | Bought a potion of curing for 30 gold pieces
 32750 | Bazaar   | Bought a potion of speed for 82 gold pieces
 32777 | Bazaar   | Bought a scroll of enchant weapon I for 66 gold pieces
 32777 | Bazaar   | Bought a scroll of enchant weapon I for 66 gold pieces
 32798 | Bazaar   | Bought a steaming troll leather armour for 605 gold pieces
 32807 | Bazaar   | Identified the +6 troll leather armour of Indecent Exposure {rF+ MR+ Acc+4 Stlth+} (You bought it in a shop in a bazaar)
 32875 | Bazaar   | Bought an uncursed ring of protection from fire for 475 gold pieces
 33158 | D:12     | Found a bloodstained altar of Trog.
 33259 | D:12     | Noticed Erolcha
 33278 | D:12     | Killed Erolcha
 33628 | D:12     | Learned a level 1 spell: Animate Skeleton
 33630 | D:12     | Learned a level 1 spell: Apportation
 34047 | D:12     | Noticed Maurice
 34068 | D:12     | Killed Maurice
 35056 | D:14     | Entered Level 14 of the Dungeon
 35586 | D:14     | Noticed Nikola
 35920 | D:14     | Reached XP level 15. HP: 64/67 MP: 22/35
 36087 | D:15     | Entered Level 15 of the Dungeon
 36462 | D:15     | Reached skill level 20 in Stealth
 37056 | D:16     | Got a brightly glowing crossbow
 37060 | D:16     | Identified the cursed crossbow "Zeegauh" {elec, rN+} (You found it on level 16 of the Dungeon)
 37088 | D:15     | Paralysed by you for 5 turns
 38101 | Temple   | Identified a +5,+7 dwarven dagger of pain {!f} (a +4,+7 dwarven dagger of stabbing {!f} bloodied by Kikubaaqudgha)
 38900 | D:16     | Noticed Urug
 39035 | D:16     | Killed Urug
 39035 | D:16     | Reached skill level 10 in Necromancy
 39121 | D:16     | Found a shimmering altar of Xom.
 39383 | D:16     | Found a portal to a secret trove of treasure.
 39888 | D:17     | Found a staircase to the Vaults.
 40301 | D:17     | Found Thual's General Store.
 41164 | D:18     | Noticed Louise
 41184 | D:18     | Killed Louise
 41684 | D:18     | Noticed Aizul
 41685 | D:18     | Noticed a shadow dragon
 41794 | D:18     | Reached XP level 16. HP: 62/72 MP: 37/37
 41854 | D:18     | Reached skill level 21 in Stealth
 41882 | D:18     | Reached skill level 15 in Dodging
 42452 | Lair:1   | Learned a level 5 spell: Agony
 42458 | Lair:1   | Learned a level 5 spell: Dispel Undead
 42463 | Lair:1   | Learned a level 4 spell: Animate Dead
 42467 | Lair:1   | Learned a level 3 spell: Spectral Weapon
 42558 | Shoals:1 | Entered Level 1 of the Shoals
 42743 | Shoals:1 | Found Schuahoir's Assorted Antiques.
 43028 | Shoals:2 | Found Gudut's Antique Weapon Emporium.
 43038 | Shoals:2 | Bought an encrusted dagger for 231 gold pieces
 43039 | Shoals:2 | Identified the dagger of World Downfall {freeze, -Cast MR++ Str+1 Int+2} (You bought it in a shop on level 2 of the Shoals)
 43068 | Shoals:2 | Found Nuattudd's Gadget Boutique.
 43135 | Shoals:2 | Found Ynaekh's Antique Weapon Shoppe.
 43159 | Shoals:2 | Bought a steaming dagger for 308 gold pieces
 43166 | Shoals:2 | Identified the dagger of Upheaval {stab, +Blink MR++} (You bought it in a shop on level 2 of the Shoals)
 43746 | Shoals:3 | Noticed Norris
 43984 | Shoals:3 | Killed Norris
 44213 | Lair:1   | Learned a level 2 spell: Sure Blade
 44566 | Shoals:3 | Noticed Agnes
 44574 | Shoals:3 | Killed Agnes
 45064 | Shoals:5 | Entered Level 5 of the Shoals
 45064 | Shoals:5 | Noticed Wiglaf
 45069 | Shoals:5 | Killed Wiglaf
 45079 | Shoals:5 | Noticed Polyphemus
 45217 | Shoals:5 | Killed Polyphemus
 45491 | Shoals:5 | Noticed Ilsuiw
 45494 | Shoals:5 | Killed Ilsuiw
 45542 | Shoals:5 | Your ally Ilsuiw died
 45550 | Shoals:5 | Your ally Wiglaf died
 45743 | Shoals:5 | Got a bloodstained dagger
 45744 | Shoals:5 | Identified the dagger "Kuaf" {venom, +Rage +Fly rN+} (You found it on level 5 of the Shoals)
 45972 | Shoals:5 | Got a barnacled rune of Zot
 46040 | Shoals:5 | Identified the Grimoire of Creative Stolen Souls
 46201 | Shoals:4 | Reached XP level 17. HP: 76/76 MP: 40/40
 46562 | Snake:1  | Entered Level 1 of the Snake Pit
 46573 | Snake:1  | Upgraded the game from 0.13-a0-2712-g07f05f3 to 0.13-a0-2716-gc56f784
 46745 | Snake:1  | Noticed Azrael
 46756 | Snake:1  | Killed Azrael
 46865 | Snake:1  | Reached skill level 15 in Spellcasting
 47205 | Snake:1  | Found Weluttot's Assorted Antiques.
 48194 | Snake:3  | Noticed Frances
 48293 | Snake:3  | Found Seagike's Magical Wand Shop.
 48362 | Snake:3  | Found Xuafiul's Distillery.
 48463 | Snake:3  | Bought a potion of mutation for 48 gold pieces
 48472 | Snake:3  | Gained mutation: Your body is slowly deteriorating. [potion of mutation]
 48472 | Snake:3  | Gained mutation: Your body is deteriorating. [potion of mutation]
 48501 | Snake:3  | Noticed Saint Roka
 48561 | Snake:3  | Found Izxieg's Gadget Shoppe.
 48715 | Snake:3  | Killed Saint Roka
 48775 | Snake:3  | Found Vuoniog's Gadget Shop.
 48864 | Snake:3  | Killed Frances
 48869 | Snake:3  | Found Yshrem's Weapon Boutique.
 49162 | Snake:4  | Lost mutation: You are dopey (Int -1). [potion of cure mutation]
 49162 | Snake:4  | Lost mutation: Your body is deteriorating. [potion of cure mutation]
 49162 | Snake:4  | Lost mutation: Your body is slowly deteriorating. [potion of cure mutation]
 49328 | Snake:4  | Found a shimmering altar of Xom.
 49631 | Snake:5  | Entered Level 5 of the Snake Pit
 50125 | Snake:5  | Noticed Jory
 50125 | Snake:5  | Noticed Lamia
 50140 | Snake:5  | Killed Jory
 50150 | Snake:5  | Killed Lamia
 50261 | Snake:5  | Noticed Donald
 50270 | Snake:5  | Killed Donald
 51390 | Snake:5  | Reached XP level 18. HP: 79/81 MP: 15/41
 51392 | Snake:5  | Got a serpentine rune of Zot
 52961 | D:18     | Reached skill level 15 in Necromancy
 53096 | D:18     | Reached skill level 1 in Shields
 53147 | D:18     | Got a steaming morningstar {elec}
 53829 | D:18     | Noticed a shadow dragon
 53858 | D:18     | Killed a shadow dragon
 53916 | D:18     | Reached skill level 5 in Fighting
 53933 | D:18     | Got a smoking short sword
 53934 | D:18     | Identified the cursed short sword "Orexuid" {slice, +Rage rPois} (You found it on level 18 of the Dungeon)
 53966 | D:18     | Killed a shadow dragon
 54015 | D:18     | Killed Aizul
 54064 | D:18     | Identified the morningstar "Thrudec" {elec, +Inv rElec rPois rC-} (You took it off an orc knight on level 18 of the Dungeon)
 54168 | D:18     | Upgraded the game from 0.13-a0-2716-gc56f784 to 0.13-a0-2725-gfd4ef73
 54608 | D:19     | Noticed Jorgrun
 54622 | D:19     | Killed Jorgrun
 55518 | D:19     | Noticed a golden dragon
 55527 | D:19     | Your ally Jorgrun died
 55546 | D:19     | Killed a golden dragon
 55673 | D:20     | Entered Level 20 of the Dungeon
 56888 | D:21     | Found a sparkling altar of Nemelex Xobeh.
 56913 | D:21     | Found a one-way gate to the infinite horrors of the Abyss.
 56947 | D:21     | Reached skill level 5 in Shields
 57249 | D:21     | Found a shimmering altar of Xom.
 57288 | D:21     | Got a smoking dagger
 57291 | D:21     | Identified the dagger "Loffil" {drain, MR++} (You found it on level 21 of the Dungeon)
 57383 | D:21     | Reached XP level 19. HP: 57/89 MP: 42/42
 57388 | D:21     | Found a gateway to Hell.
 58349 | D:22     | Noticed Frederick
 58379 | D:22     | Killed Frederick
 58562 | D:22     | Reached skill level 22 in Stealth
 58641 | D:23     | Found a roughly hewn altar of Beogh.
 59244 | D:23     | Got a faintly humming robe
 59253 | D:23     | Identified the +2 robe of Leaves {Dex+3 Int+1 Curse} (You found it on level 23 of the Dungeon)
 59709 | D:23     | Found Jeryuxkay's Magical Wand Boutique.
 59734 | D:23     | Found a one-way gate leading to the halls of Pandemonium.
 59793 | D:23     | Got a dazzling dagger
 59794 | D:23     | Identified the dagger of Valiance {pain, Dex+2} (You found it on level 23 of the Dungeon)
 60334 | D:23     | Learned a level 3 spell: Passwall
 60337 | D:23     | Learned a level 2 spell: Swiftness
 60345 | D:23     | Learned a level 7 spell: Darkness
 60990 | D:24     | Found a roughly hewn altar of Beogh.
 61269 | D:25     | Entered Level 25 of the Dungeon
 61393 | D:25     | Reached skill level 23 in Stealth
 61394 | D:25     | Slain by a yaktaur captain

Action                   |  1- 3 |  4- 6 |  7- 9 | 10-12 | 13-15 | 16-18 | 19-21 || total
-------------------------+-------+-------+-------+-------+-------+-------+-------++-------
Melee: Dagger            |   109 |   134 |   169 |    16 |   409 |  1498 |   803 ||  3138
       Short sword       |       |       |    16 |    46 |     8 |     5 |       ||    75
       Quick blade       |       |       |       |   754 |  1475 |   159 |   130 ||  2518
       Sabre             |       |       |       |     8 |       |       |       ||     8
 Fire: Blowgun           |       |       |       |    23 |       |       |       ||    23
Throw: Dart              |     2 |     5 |       |       |       |       |       ||     7
       Dagger            |       |       |       |     2 |       |       |       ||     2
       Stone             |       |       |       |       |     1 |    11 |       ||    12
 Cast: Ensorcelled Hiber |       |    31 |    97 |   217 |   287 |   118 |     5 ||   755
       Confuse           |       |     4 |    39 |    38 |    54 |    26 |    12 ||   173
       Corona            |       |       |       |     2 |     1 |    11 |       ||    14
       Invisibility      |       |       |       |     4 |    18 |    16 |     3 ||    41
       Dazzling Spray    |       |       |       |     6 |    78 |   101 |       ||   185
       Enslavement       |       |       |       |     1 |    14 |     7 |       ||    22
       Animate Dead      |       |       |       |       |       |    18 |    11 ||    29
       Agony             |       |       |       |       |       |     8 |     4 ||    12
       Spectral Weapon   |       |       |       |       |       |     4 |       ||     4
       Dispel Undead     |       |       |       |       |       |    11 |       ||    11
       Apportation       |       |       |       |       |       |     2 |       ||     2
       Sure Blade        |       |       |       |       |       |     4 |       ||     4
Invok: Receive Corpses   |       |       |       |       |       |     4 |       ||     4
 Abil: Evoke Flight      |       |       |       |       |       |     5 |       ||     5
       Stop Flying       |       |       |       |       |       |     1 |       ||     1
       Evoke Blink       |       |       |       |       |       |     1 |       ||     1
Evoke: Wand              |       |       |       |    25 |     6 |     1 |     1 ||    33
       Deck              |       |       |       |     9 |       |     6 |       ||    15
  Use: Scroll            |       |     9 |       |    22 |     8 |    24 |     5 ||    68
       Potion            |       |     5 |       |     5 |     2 |    18 |     6 ||    36
 Stab: Sleeping          |     9 |    23 |    50 |   149 |   279 |   164 |    35 ||   709
       Distracted        |     1 |     3 |       |     4 |    11 |    11 |     2 ||    32
       Confused          |       |     1 |    12 |    15 |    16 |     7 |     7 ||    58
       Invisible         |       |       |       |    12 |    86 |   116 |    37 ||   251
       Fleeing           |       |       |       |       |       |     2 |     1 ||     3
